 Dungeon Crawl Stone Soup version 0.30-a0-1114-gd936c97349 (webtiles) character file.

Game seed: 5474878007855356694

4547 avis the Nimble (level 9, 0/98 HPs)
             Began as a Demigod Transmuter on Apr 19, 2023.
             Slain by a vampire
             ... wielding a +2 vampiric halberd
              (16 damage)
             ... in a bailey on Apr 21, 2023.
             The game lasted 01:12:18 (9152 turns).

avis the Nimble (Demigod Transmuter)                Turns: 9152, Time: 01:12:19

Health: 0/98       AC:  6    Str: 15    XL:     9   Next: 97%
Magic:  17/18      EV: 16    Int: 15    God:
Gold:   410        SH:  0    Dex: 22    Spells: 6/16 levels left

rFire   x . .      SeeInvis .    a - melded staff of poison
rCold   + + +      Faith    .    (shield currently unavailable)
rNeg    . . .      Spirit   .    F - melded +2 robe {Will+}
rPois   +          Reflect  .    Y - melded +0 hat
rElec   .          Rampage  .    G - melded scarf {+Inv}
rCorr   .                        (gloves currently unavailable)
Will    .....                    S - melded +0 pair of boots
Stlth   ++                       u - amulet of regeneration
HPRegen 1.16/turn                d - ring of wizardry
MPRegen 0.16/turn                n - +4 ring of slaying

@: mighty, ice-form (expiring), hasted, invisible, very quick
A: freezing attack, amphibious, boosted hp, large, high MP 1, forlorn, divine
attributes
a: End Transformation


You were in a bailey.
You were a creature of crystalline ice.
You visited 2 branches of the dungeon, and saw 10 of its levels.
You also visited: Ossuary and Bailey.

You collected 410 gold pieces.

Inventory:

Hand Weapons
 b - a +0 shortbow
Armour
 c - the +6 scale mail of Philately {rC+ rN+++ Str-2 Slay+2}
   (You found it in a bailey)

   Str:       It affects your strength (-2).
   Slay:      It affects your accuracy & damage with ranged weapons and melee
   (+2).
   rC:        It protects you from cold.
   rN:        It renders you almost immune to negative energy.
 z - a +0 buckler
 F - a +2 robe of willpower (melded)
 G - a scarf of invisibility (melded)
 S - a +0 pair of boots (melded)
 Y - a +0 hat (melded)
Magical Staves
 a - a staff of poison (melded)
Jewellery
 d - a ring of wizardry (left front paw)
 h - a ring of fire
 n - a +4 ring of slaying (right front paw)
 u - an amulet of regeneration (around neck)
 v - an amulet of magic regeneration
 C - a ring of flight
 Z - a +5 ring of evasion
Wands
 f - a wand of roots (5)
 E - a wand of light (6)
 I - a wand of digging (6)
 Q - a wand of mindburst (16)
Scrolls
 j - a scroll of enchant armour {unknown}
 l - 4 scrolls of teleportation
 p - a scroll of noise {unknown}
 q - 2 scrolls of fear
 s - 2 scrolls of blinking {unknown}
 A - a scroll of poison {unknown}
 H - 2 scrolls of fog {unknown}
 L - 2 scrolls of enchant weapon {unknown}
 N - a scroll of silence {unknown}
 P - 2 scrolls of magic mapping {unknown}
 T - a scroll of brand weapon {unknown}
 X - a scroll of torment {unknown}
Potions
 e - 3 potions of curing
 g - a potion of brilliance {unknown}
 k - 2 potions of heal wounds {unknown}
 m - 4 potions of magic
 o - a potion of lignification
 r - 5 potions of berserk rage
 B - 3 potions of haste
 D - 2 potions of flight {unknown}
 M - 2 potions of might
 R - 3 potions of invisibility


   Skills:
 * Level 8.9 Fighting
 * Level 8.9 Dodging
 - Level 1.0 Stealth
 - Level 3.0 Unarmed Combat
 - Level 4.0 Spellcasting
 - Level 4.0 Transmutations
 - Level 1.0 Poison Magic


You had 6 spell levels left.
You knew the following spells:

 Your Spells              Type           Power      Damage    Failure   Level
a - Beastly Appendage     Tmut           30%        N/A       1%          1
e - Wereblood             Tmut           15%        N/A       2%          2
p - Spider Form           Tmut/Pois      10%        N/A       8%          3
q - Ice Form              Ice/Tmut       9%         N/A       30%         4

Your spell library contained the following spells:

 Spells                   Type           Power      Damage    Failure   Level
 Shock                    Conj/Air       12%        1d3       8%          1
 Summon Small Mammal      Summ           12%        N/A       8%          1
 Call Canine Familiar     Summ           3%         N/A       21%         3
 Summon Guardian Golem    Hex/Summ       3%         N/A       21%         3
 Swiftness                Air            3%         N/A       21%         3
 Airstrike                Air            1%         2d(1-17)  54%         4


Dungeon Overview and Level Annotations

Branches:
Dungeon (9/15)             Temple (1/1) D:5         Ossuary (visited)
 Bailey (1/1)
   Lair: D:8-11         Orc: D:9-12

Annotations:
D:2 deep water
D:8 Sacred scourage in glass chamber


Innate Abilities, Weirdness & Mutations

You are a creature of crystalline ice.
You have a powerful freezing melee attack.
You are amphibious.
Your maximum health is increased.
Your armour is entirely melded.
You are incapable of wielding weapons or throwing items.
You have an increased reservoir of magic. (+10% MP)
You shall have no god before yourself.
Your divine heritage dramatically boosts your attributes as you level up.


Message History

You completely miss something. Something completely misses you.
Something bites you but does no damage.
You punch something! You freeze something. Something hits you!
Something bites you but does no damage.
You hit something. You freeze something. Something completely misses you.
Something bites you.
Something draws strength from your injuries!
You closely miss something. Something hits you!
* * * LOW HITPOINT WARNING * * *
Something bites you.
* * * LOW HITPOINT WARNING * * *
Something draws strength from your injuries!
You feel yourself speed up. Something hits you but does no damage.
Something bites you but does no damage.
Okay, then.
You feel very mighty all of a sudden.
Your primal bloodlust has ended.
Something hits you.
* * * LOW HITPOINT WARNING * * *
Something bites you!
* * * LOW HITPOINT WARNING * * *
Something draws strength from your injuries!
You fade into invisibility!
You feel better. Something hits you!
* * * LOW HITPOINT WARNING * * *
Something bites you.
* * * LOW HITPOINT WARNING * * *
Something draws strength from your injuries!
You feel better. Something barely misses you.
Something bites you but does no damage.
You feel better.
Your transformation is almost over.
Something barely misses you. Something bites you!
* * * LOW HITPOINT WARNING * * *
Something draws strength from your injuries!
You feel better.
You punch something! You freeze something. Something hits you!
* * * LOW HITPOINT WARNING * * *
Something barely misses you.
You feel better. Something hits you!
You die...

##### ##8...######
##[.....##.8#####
#8). #...#..#8..###
#!.# #..'..#......
#!.####..'..#......
#.Y{##...#..#..♣...
##......##..#......
##8...##...#)....♣
######....##....)
#8......##....
#...##...##...
#..##.)).#....
#..#...)##....
#..#..)##.....


There were no monsters in sight!

Vanquished Creatures
  A gargoyle (Bailey)
  A troll (D:5)
  Sigmund (D:4)
  A shadow (D:6)
  2 steam dragons (D:8)
  Edmund (D:5)
  2 water moccasins
  2 ice beasts
  A sky beast (D:7)
  An ogre (D:7)
  3 centaurs
  A phantom (D:6)
  4 kobold brigands
  4 bullfrogs
  3 scorpions (D:5)
  8 wights
  7 killer bees
  A howler monkey (D:8)
  7 wolf zombies (Bailey)
  2 hounds
  3 orc priests
  A gnoll bouda (D:5)
  3 iguanas
  3 orc wizards (D:5)
  2 mummies
  5 gnolls (D:5)
  10 adders
  A shadow imp (D:7)
  A white imp (D:7)
  An ufetubus (D:5)
  A worm (D:3)
  5 dart slugs
  25 orcs
  6 spectral bats (Ossuary)
  7 bats
  6 endoplasms
  6 giant cockroaches
  10 goblins
  6 jackals
  22 kobolds
  A quokka (D:4)
  8 ball pythons
  2 bat simulacra (Ossuary)
  4 frilled lizards
  12 gnoll zombies (Ossuary)
  6 goblin simulacra (Ossuary)
  3 goblin zombies (Ossuary)
  7 hobgoblin zombies (Ossuary)
  4 kobold simulacra (Ossuary)
  4 kobold zombies (Ossuary)
  17 orc zombies
  7 rats
  3 rat simulacra (Ossuary)
  2 spectral goblins (Ossuary)
  2 spectral kobolds (Ossuary)
  3 spectral rats (Ossuary)
262 creatures vanquished.

Vanquished Creatures (others)
  An angel (D:8)
1 creature vanquished.

Grand Total: 263 creatures vanquished

Notes
Turn   | Place    | Note
-------+----------+-------------------------------------------
     0 | D:1      | avis the Demigod Transmuter began the quest for the Orb.
     0 | D:1      | Reached XP level 1. HP: 15/15 MP: 5/5
    37 | D:1      | Reached skill level 1 in Fighting
   463 | D:1      | Reached XP level 2. HP: 24/24 MP: 7/7
   827 | D:1      | Reached skill level 1 in Stealth
  1520 | D:2      | Reached XP level 3. HP: 29/29 MP: 6/8
  1525 | D:2      | Learned a level 2 spell: Wereblood
  1531 | D:2      | Learned a level 3 spell: Spider Form
  1905 | D:2      | Reached skill level 1 in Poison Magic
  2535 | D:2      | Reached XP level 4. HP: 26/37 MP: 2/9
  2765 | D:2      | Upgraded the game from 0.30-a0-1112-gfb780f5df6 to
                  | 0.30-a0-1114-gd936c97349
  3120 | D:3      | Reached XP level 5. HP: 30/45 MP: 5/10
  3169 | D:3      | Noticed a water moccasin
  3183 | D:3      | Killed a water moccasin
  3714 | D:3      | Reached XP level 6. HP: 46/52 MP: 5/11
  3924 | D:4      | Noticed Sigmund
  3938 | D:4      | Killed Sigmund
  4189 | D:4      | You fall into a shaft and drop 2 floors!
  4200 | D:6      | Reached XP level 7. HP: 60/60 MP: 10/13
  4215 | D:6      | Reached skill level 5 in Fighting
  4215 | D:6      | Reached skill level 5 in Dodging
  4301 | D:6      | Noticed a shadow
  4312 | D:6      | Killed a shadow
  4357 | D:5      | Entered Level 5 of the Dungeon
  4415 | D:4      | Found a sand-covered staircase.
  4424 | Ossuary  | Entered an ossuary
  4746 | Ossuary  | Learned a level 4 spell: Ice Form
  5239 | D:5      | Noticed Edmund
  5250 | D:5      | Killed Edmund
  5372 | D:5      | Reached XP level 8. HP: 69/69 MP: 9/15
  5813 | D:5      | Noticed a troll
  5825 | D:5      | Killed a troll
  6193 | D:5      | Found a staircase to the Ecumenical Temple.
  6204 | Temple   | Entered the Ecumenical Temple
  6938 | D:7      | Reached XP level 9. HP: 79/79 MP: 15/18
  8309 | D:8      | Killed an angel
  8788 | D:9      | Noticed a two-headed ogre
  8788 | D:9      | Found a flagged portal.
  8793 | Bailey   | Entered a bailey
  9076 | Bailey   | Noticed a gargoyle
  9085 | Bailey   | Killed a gargoyle
  9130 | Bailey   | Identified the +6 scale mail of Philately {rC+ rN+++ Str-2
                  | Slay+2}
  9152 | Bailey   | Slain by a vampire

Illustrated notes

Levels and vault maps discovered:
D:1:      minmay_arrival_solitary_statue, layout_basic, serial_aquarium,
          aquarium_bridge_long_joined [aquarium_subvault_bridge,
          aquarium_subvault_wall, aquarium_subvault_wall,
          aquarium_subvault_wall, aquarium_subvault_bridge,
          aquarium_subvault_bridge], aquarium_window_1,
          aquarium_window_corridor_1, aquarium_window_fake, aquarium_window_1,
          aquarium_view_2a, minmay_misc_feat_four_crosses
D:2:      layout_basic, basic_ecumenical_altar, hex_medium, nrook_loot_triangle,
          grunt_decor_junction, chequers_serial_rivers_small_3
D:3:      layout_loops_ring, tso_oasis_becter,
          chequers_temple_overflow_statue_of_worship, kennysheep_generic_room_10
D:4:      layout_loops_ring, mainiacjoe_overflow_brackets,
          nicolae_ru_the_path_less_chosen, gup_ossuary_entry_pyramid,
          chequers_serial_rivers_room_b, uniq_sigmund, uniq_crazy_yiuf_cottage,
          uniq_pargi
D:5:      layout_basic, minmay_temple_entry_poolview,
          hangedman_abyss_or_decor_jellyfish_corner, uniq_edmund
D:6:      layout_rooms, mainiacjoe_overflow_tiny_flanked,
          nicolae_ashenzari_skybound
D:7:      layout_loops_ring, minmay_overflow_temple_star_hex
D:8:      layout_loops_cross, grunt_temple_overflow_order_and_chaos_1
D:9:      layout_basic, enter_bailey_2, st_stairs_14, kb_rosetta, uniq_maggie
Temple:   nicolae_temple_godpark
Bailey:   bailey_polearm_vampire_castle_hellmonk, bailey

Skill      XL: |  1  2  3  4  5  6  7  8  9 |
---------------+----------------------------+-----
Fighting       | 2 3 4 5 7 8 |  8.9
Dodging        | 2 3 4 5 7 8 |  8.9
Stealth        | 1 |  1.0
Spellcasting   | 2 3 4 |  4.0
Transmutations | 2 3 4 |  4.0
Poison Magic   | 1 |  1.0
Unarmed Combat | 3 |  3.0

Action                     |  1- 3 |  4- 6 |  7- 9 || total
---------------------------+-------+-------+-------++-------
  Melee: Unarmed           |    25 |    64 |   503 ||   592
         Kick              |     7 |     1 |       ||     8
         Dagger            |    53 |    26 |       ||    79
         Headbutt          |     3 |       |       ||     3
         Punch             |     1 |     1 |       ||     2
         Staff             |       |       |    12 ||    12
   Cast: Beastly Appendage |    19 |     1 |     1 ||    21
         Spider Form       |     3 |    18 |    69 ||    90
         Wereblood         |       |     4 |    11 ||    15
         Ice Form          |       |       |     5 ||     5
Ability: End Transformatio |       |       |     6 ||     6
    Use: Scroll            |       |       |    12 ||    12
         Potion            |       |       |     9 ||     9
   Stab: Sleeping          |     6 |     3 |    11 ||    20
         Distracted        |       |       |     2 ||     2
 Armour: Robe              |     9 |     9 |    11 ||    29
         Skin              |       |     2 |    28 ||    30
  Dodge: Dodged            |    43 |    56 |   503 ||   602

Table legend: (Time is in decaauts)
 A = Elapsed time spent in this place.
 B = Non-inter-level travel time spent in this place.
 C = Inter-level travel time spent in this place.
 D = Time resting spent in this place.
 E = Time spent auto-exploring this place.
 F = Levels seen in this place.
 G = Mean time per level.
                   A        B        C        D        E       F      G
               +--------+--------+--------+--------+--------+-----+--------+
         Total |   9137 |   8252 |    885 |    980 |   3871 |  12 |  761.4 |
       Dungeon |   7985 |   7103 |    882 |    733 |   3868 |   9 |  887.2 |
        Temple |     40 |     37 |      3 |      0 |      0 |   1 |   40.0 |
       Ossuary |    759 |    759 |      0 |    116 |      3 |   1 |  759.0 |
        Bailey |    353 |    353 |      0 |    131 |      0 |   1 |  353.0 |
               +--------+--------+--------+--------+--------+-----+--------+

Top non-repeatable levels by time:
     D:1: 1497 daAuts
     D:2: 1401 daAuts
     D:5: 1116 daAuts
     D:7: 1024 daAuts
     D:3: 940 daAuts
     D:8: 814 daAuts
 Ossuary: 759 daAuts
     D:6: 731 daAuts
     D:4: 448 daAuts
  Bailey: 353 daAuts
  Temple: 40 daAuts
     D:9: 12 daAuts
